 Dungeon Crawl Stone Soup version 0.28.0-1-gb440e238dd (webtiles) character file.

Game seed: 18434691451551114206

1039 smarlow the Magician (level 8, -14/58 HPs)
             Began as a Djinni Fire Elementalist on Feb 24, 2022.
             Was an Initiate of Makhleb.
             Demolished by Edmund (16 damage)
             ... on level 6 of the Dungeon.
             The game lasted 00:12:48 (7176 turns).

smarlow the Magician (Djinni Fire Elementalist)     Turns: 7176, Time: 00:12:48

Health: -14/58     AC:  3    Str:  5    XL:     8   Next: 49%
Gold:   98         EV: 13    Int: 19    God:    Makhleb [......] SH:  5 Dex: 14

rFire   + + +      SeeInvis +   (no weapon)
rCold   x . .      Faith    .   v - +1 buckler "Vilaicawn" {Harm rElec rF+ Str-2}
rNeg    . . .      Spirit   .   a - +0 robe
rPois   ∞          Reflect  .   (no helmet)
rElec   +          Harm     +   (no cloak)
rCorr   .          Rampage  .   k - +0 pair of gloves
Will    .....                   (boots unavailable)
Stlth   ++........              (no amulet)
HPRegen 0.19/turn               g - ring of see invisible
MPRegen 0.00/turn               (no ring)

@: flying
A: sickness immunity, fire resistance 2, cold vulnerability 1, float, innate
caster, HP casting, extra vitality 1
a: Renounce Religion


You were on level 6 of the Dungeon.
You worshipped Makhleb.
Makhleb was noncommittal.
You visited 2 branches of the dungeon, and saw 7 of its levels.

You collected 202 gold pieces.
You spent 104 gold pieces at shops.

Inventory:

Armour
 a - a +0 robe (worn)
 k - a +0 pair of gloves (worn)
 v - the +1 buckler "Vilaicawn" (worn) {Harm rElec rF+ Str-2}
   (You found it on level 4 of the Dungeon)

   Str:       It affects your strength (-2).
   rF:        It protects you from fire.
   rElec:     It insulates you from electricity.
   Harm:      It increases damage dealt and taken.
Jewellery
 g - a ring of see invisible (left hand)
Scrolls
 b - 4 scrolls of fear {unknown}
 c - 6 scrolls of identify {unknown}
 e - a scroll of fog {unknown}
 h - 2 scrolls of amnesia {unknown}
 i - 4 scrolls of teleportation {unknown}
 j - 2 scrolls of holy word {unknown}
 l - a scroll of enchant armour {unknown}
 m - a scroll of enchant weapon {unknown}
 u - a scroll of vulnerability {unknown}
Potions
 d - a potion of haste {unknown}
 f - a potion of brilliance {unknown}
 n - 4 potions of curing
 o - a potion of heal wounds
 p - a potion of might {unknown}
 q - a potion of lignification {unknown}
 r - 2 potions of cancellation {unknown}
 s - a potion of invisibility {unknown}
 t - 2 potions of attraction {unknown}


   Skills:
 + Level 3.9 Fighting
 + Level 2.6 Armour
 + Level 4.9 Dodging
 - Level 1.5 Stealth
 + Level 2.7 Shields
 * Level 5.1 Spellcasting


You couldn't memorise any spells.
You knew the following spells:

 Your Spells              Type           Power      Damage    Failure   Level
a - Foxfire               Conj/Fire      96%        2x1d8     1%          1
b - Scorch                Fire           48%        2d7       3%          2
c - Conjure Flame         Conj/Fire      24%        6-21      6%          3
d - Inner Flame           Hex/Fire       24%        N/A       6%          3
e - Flame Wave            Conj/Fire      24%        2d7       19%         4
f - Freeze                Ice            96%        1d11      1%          1
g - Searing Ray           Conj           48%        2d6       3%          2
h - Static Discharge      Conj/Air       24%        N/A       3%          2
Your spell library was empty.

Dungeon Overview and Level Annotations

Branches:
Dungeon (6/15)             Temple (1/1) D:5

Altars:
Ashenzari
Cheibriados
Dithmenos
Elyvilon
Fedhas
Gozag
Kikubaaqudgha
Makhleb
Nemelex Xobeh
Okawaru
Qazlal
Ru
Sif Muna
Trog
Uskayaw
Vehumet
Wu Jian
Xom
Yredelemnul
Zin
The Shining One

Shops:
D:3 !

Annotations:
D:3 1 runed translucent door, Crazy Yiuf, Grinder
D:6 2 transporters, Edmund; Snicker's ghost, weakling DsDe


Innate Abilities, Weirdness & Mutations

You are immune to sickness and miasma.
You are immune to poison.
Your flesh is very heat resistant. (rF++)
You are vulnerable to cold. (rC-)
You float through the air rather than walking.
You learn spells naturally, not from books.
Your magical power is your life essence.
You have superior vitality. (+4 MHP)


Message History

Edmund is lightly wounded.
The foxfire hits Edmund.
Edmund is lightly wounded.
Casting: Scorch (safe; 3% risk of failure)
Confirm with . or Enter, or press ? or * to list all spells.
Flames lash Edmund.
Edmund is lightly wounded.
Edmund's fire resistance burns away.
Casting: Scorch (safe; 3% risk of failure)
Confirm with . or Enter, or press ? or * to list all spells.
Flames lash Edmund.
Edmund is burned terribly!
Edmund is heavily wounded.
The killer bee buzzes angrily.
You conjure some foxfire!
Edmund closely misses you.
Casting: Foxfire (safe; 1% risk of failure)
Confirm with . or Enter, or press ? or * to list all spells.
Flames lash Edmund but do no damage.
The foxfire hits Edmund.
Edmund is heavily wounded.
The foxfire hits Edmund.
Edmund is heavily wounded.
Edmund hits you with a +4 dire flail of holy wrath!
Casting: Scorch (safe; 3% risk of failure)
Confirm with . or Enter, or press ? or * to list all spells.
Flames lash Edmund.
Edmund is burned terribly!
Edmund is almost dead.
Edmund hits you with a +4 dire flail of holy wrath.
Unknown command.
Casting: Scorch (safe; 3% risk of failure)
Confirm with . or Enter, or press ? or * to list all spells.
Flames lash Edmund but do no damage.
* * * LOW HITPOINT WARNING * * *
Edmund hits you with a +4 dire flail of holy wrath!
* * * LOW HITPOINT WARNING * * *
Okay, then.
Casting: Scorch (safe; 3% risk of failure)
Confirm with . or Enter, or press ? or * to list all spells.
Flames lash Edmund but do no damage.
* * * LOW HITPOINT WARNING * * *
Edmund hits you with a +4 dire flail of holy wrath!
You die...

.# #.##.###.#.#.. #.# #
.# #.#...# ###. # ###
### #.#..###...#.. #.. #
..# #....##..#..###..#.
#.####...###...#...#!.
....≈..#..#####.yy..#
#.#.≈......#############
#.#.≈............©......
..##≈#....#.....@.#
####≈#......#####@......
## #≈##...### #..##.# .#
#.(.# ...# .# #...# ....
.# #...# ...## .# #...
.<.. .######... ..##
......>...


You could see Edmund (combustible) and 2 killer bees.

Vanquished Creatures
  A steam dragon (D:5)
  Duvessa (D:5)
  A black bear (D:6)
  A phantom (D:6)
  2 scorpions (D:5)
  Dowan (D:5)
  A jelly (D:5)
  A centaur zombie (D:6)
  A hound (D:6)
  A gnoll shaman (D:4)
  2 iguanas
  An orc wizard (D:5)
  A hound zombie (D:5)
  Robin (D:3)
  7 gnolls
  5 adders
  An ufetubus (D:6)
  An adder skeleton (D:4)
  2 worms (D:2)
  2 dart slugs
  7 orcs
  3 ball pythons (D:2)
  9 bats
  4 endoplasms
  6 giant cockroaches (D:1)
  19 goblins
  9 hobgoblins
  14 jackals
  6 frilled lizards
  5 kobolds
  A quokka skeleton (D:4)
  9 rats
126 creatures vanquished.

Vanquished Creatures (others)
  475 foxfires
475 creatures vanquished.

Grand Total: 601 creatures vanquished

Notes
Turn   | Place    | Note
-------+----------+-------------------------------------------
     0 | D:1      | smarlow the Djinni Fire Elementalist began the quest for
                  | the Orb.
     0 | D:1      | Reached XP level 1. HP: 15/15 MP: 0/0
   393 | D:1      | Reached XP level 2. HP: 18/22 MP: 0/0
   866 | D:1      | Reached skill level 1 in Fighting
  1091 | D:1      | Reached XP level 3. HP: 25/27 MP: 0/0
  1091 | D:1      | Learned a level 1 spell: Freeze
  1798 | D:2      | Reached skill level 3 in Spellcasting
  2146 | D:2      | Reached XP level 4. HP: 24/32 MP: 0/0
  2231 | D:2      | Found a faded altar of an unknown god.
  2756 | D:3      | Found Sod Xur's Distillery.
  2799 | D:3      | Noticed Robin
  3082 | D:3      | Noticed Grinder
  3454 | D:3      | Reached XP level 5. HP: 35/38 MP: 0/0
  3454 | D:3      | Learned a level 2 spell: Searing Ray
  3499 | D:3      | Killed Robin
  3752 | D:3      | Found a runed translucent door.
  3753 | D:3      | Noticed Crazy Yiuf
  3813 | D:3      | Bought a potion of curing for 39 gold pieces
  3813 | D:3      | Bought a potion of heal wounds for 65 gold pieces
  4493 | D:4      | Reached XP level 6. HP: 36/45 MP: 0/0
  4507 | D:4      | Reached skill level 4 in Spellcasting
  5174 | D:4      | Identified the +1 buckler "Vilaicawn" {Harm rElec rF+
                  | Str-2}
  5877 | D:5      | Entered Level 5 of the Dungeon
  5999 | D:5      | Found a staircase to the Ecumenical Temple.
  6013 | Temple   | Entered the Ecumenical Temple
  6077 | Temple   | Became a worshipper of Makhleb the Destroyer
  6088 | D:5      | Noticed a steam dragon
  6097 | D:5      | Killed a steam dragon
  6098 | D:5      | Reached skill level 1 in Armour
  6098 | D:5      | Reached skill level 1 in Shields
  6098 | D:5      | Reached XP level 7. HP: 39/50 MP: 0/0
  6098 | D:5      | Learned a level 2 spell: Static Discharge
  6300 | D:5      | Noticed Duvessa
  6304 | D:5      | Noticed Dowan
  6312 | D:5      | Killed Duvessa
  6315 | D:5      | Killed Dowan
  6338 | D:5      | Reached XP level 8. HP: 18/56 MP: 0/0
  7069 | D:6      | Reached skill level 5 in Spellcasting
  7122 | D:6      | Found a transporter.
  7122 | D:6      | Found a transporter.
  7123 | D:6      | Noticed Snicker's ghost (weakling DsDe)
  7127 | D:6      | Noticed a hornet
  7142 | D:6      | Noticed a queen bee
  7163 | D:6      | Noticed Edmund
  7176 | D:6      | Demolished by Edmund

Illustrated notes

Levels and vault maps discovered:
D:1:      psy_arrival_dodecagon, layout_basic, minmay_worlds_worst_comb
D:2:      layout_rooms, basic_ecumenical_altar, minmay_statues_item
D:3:      kb_forest_paths, layout_rooms, serial_shops, nicolae_shop_crystal,
          chequers_serial_rivers_small_b, uniq_crazy_yiuf_cottage, uniq_ijyb,
          uniq_grinder, uniq_robin
D:4:      kennysheep_goblin_castle, layout_basic
D:5:      layout_cave_pools, minmay_temple_entry_tees, uniq_duvessa
D:6:      layout_loops_cross, gammafunk_ghost_hive, serial_rivers,
          chequers_serial_rivers_micro_b, chequers_serial_rivers_room_a,
          chequers_serial_rivers_marsh, chequers_serial_rivers_small_b,
          chequers_serial_rivers_micro_e, uniq_edmund
Temple:   dpeg_three_leaves_temple

Skill      XL: |  1  2  3  4  5  6  7  8 |
---------------+-------------------------+-----
Fighting       | 1 2 3 |  3.9
Spellcasting   | 3 4 5 |  5.1
Dodging        | 3 4 |  4.9
Armour         | 1 2 |  2.6
Shields        | 1 2 |  2.7
Stealth        | |  1.5

Action                   |  1- 3 |  4- 6 |  7- 9 || total
-------------------------+-------+-------+-------++-------
Melee: Unarmed           |     5 |       |       ||     5
 Cast: Foxfire           |    96 |   152 |    46 ||   294
       Scorch            |     7 |    33 |    18 ||    58
       Searing Ray       |       |     2 |     1 ||     3
Armor: Robe              |     2 |     5 |     2 ||     9
Dodge: Dodged            |     8 |    14 |     1 ||    23
Block: Kite shield       |       |     1 |       ||     1
       Buckler           |       |       |     3 ||     3
